[Event "Kuwait Championship Stage-I 2024"]
[Site "Qadsiya"]
[Date "2024.01.22"]
[Round "1.1"]
[White "Alansari, Omar"]
[Black "Al-Hajiri, Bader"]
[Result "0-1"]
[ECO "B21"]
[WhiteElo "1262"]
[BlackElo "1890"]
[Annotator "NA RC COMBH"]
[PlyCount "66"]
[EventDate "2024.01.22"]
[EventType "swiss"]
[EventCountry "KUW"]
[SourceTitle "playchess.com"]
[Source "ChessBase"]
[SourceQuality "1"]
[TimeControl "5400+30"]

1. e4 c5 2. d4 cxd4 3. c3 dxc3 4. Nxc3 d6 5. Bc4 Nc6 6. Nf3 e6 7. O-O Nf6 8. Qe2 Be7 9. e5 dxe5 10. Nxe5 Nxe5 11. Qxe5 O-O 12. Rd1 Qb6 13. Na4 Qxf2+ 14. Kxf2 Ng4+ 15. Kf1 Nxe5 16. Bb3 b5 17. Nc3 Ba6 18. Kg1 Bc5+ 19. Kh1 Ng4 20. Ne4 Bb6 21. h3 Bb7 22. hxg4 Bxe4 23. Bf4 Rfd8 24. Bg5 Rd4 25. Kh2 h6 26. Bh4 Bb7 27. Kh3 g5 28. Bg3 Rad8 29. Be5 Rd2 30. Rxd2 Rxd2 31. Rd1 Re2 32. Bf6 Bxg2+ 33. Kg3 Bc7+ 0-1

[Event "Kuwait Championship Stage-I 2024"]
[Site "Qadsiya"]
[Date "2024.01.22"]
[Round "1.2"]
[White "Hashem, Khaled"]
[Black "Alsayer, Bader"]
[Result "1-0"]
[ECO "E05"]
[WhiteElo "1868"]
[BlackElo "1260"]
[Annotator "NA RC COMBH"]
[PlyCount "81"]
[EventDate "2024.01.22"]
[EventType "swiss"]
[EventCountry "KUW"]
[SourceTitle "playchess.com"]
[Source "ChessBase"]
[SourceQuality "1"]
[TimeControl "5400+30"]

1. d4 Nf6 2. c4 e6 3. Nf3 d5 4. g3 dxc4 5. Bg2 Nc6 6. O-O Be7 7. Qa4 O-O 8. Qxc4 Qd5 9. Qa4 Qd8 10. Nc3 Bb4 11. a3 Bxc3 12. bxc3 Nd5 13. Qc2 f5 14. e4 fxe4 15. Ng5 Nf6 16. Nxe4 Nxe4 17. Bxe4 h6 18. Rb1 Qd6 19. a4 Rb8 20. Bf4 Rxf4 21. gxf4 Qxf4 22. Qe2 Bd7 23. Kh1 e5 24. d5 Ne7 {[%emt 0:01:38] [#]} 25. Rg1 (25. Qc4 $1 $18 Bf5 26. f3 (26. Qxc7 {leads to mate.} Bxe4+ 27. f3 Bxf3+ {[%mdl 64] Discovered Attack} 28. Rxf3 Qxf3+ 29. Kg1 Qg4+ 30. Kh1 Qe4+ 31. Kg1 Qxb1+ 32. Kg2 Qe4+ 33. Kg3 Rf8 34. h4 Rf3+ 35. Kh2 Rf2+ 36. Kh3 Qg2#)) 25... Kh8 26. a5 Ng8 27. Qf3 Qh4 28. Rb4 Qe7 29. Qe3 a6 30. Rgb1 Nf6 31. Rxb7 Rf8 32. f3 Nxe4 33. fxe4 Kh7 34. Rxc7 Qd6 35. Rbb7 Qf6 {[%emt 0:01:01] [#]} 36. Qe2 $1 ({Inferior is} 36. Rxd7 Qf1+ 37. Qg1 Qf3+ 38. Qg2 Qd1+ 39. Qg1 Qf3+ 40. Qg2 Qd1+ 41. Qg1 Qf3+ $11) 36... Qf4 37. Rxd7 Qc1+ 38. Kg2 Qg5+ 39. Kh3 Rg8 40. Qf3 Kh8 41. c4 1-0

[Event "Kuwait Championship Stage-I 2024"]
[Site "Qadsiya"]
[Date "2024.01.22"]
[Round "1.3"]
[White "Husain, Sulaiman A.M."]
[Black "Al Ibrahim, Abdulrahman"]
[Result "0-1"]
[ECO "D00"]
[WhiteElo "1636"]
[BlackElo "1854"]
[Annotator "NA RC COMBH"]
[PlyCount "31"]
[EventDate "2024.01.22"]
[EventType "swiss"]
[EventCountry "KUW"]
[SourceTitle "playchess.com"]
[Source "ChessBase"]
[SourceQuality "1"]
[TimeControl "5400+30"]

1. d4 d5 2. e4 dxe4 3. Nc3 Nf6 4. f3 exf3 5. Nxf3 e6 6. Bd3 Be7 7. O-O c5 8. Ne4 cxd4 9. Nxd4 Qxd4+ 10. Kh1 Nc6 11. Nxf6+ Bxf6 12. Rf4 Qd8 13. Qf1 O-O 14. c3 b6 15. Be3 Bb7 16. Rd1 0-1

[Event "Kuwait Championship Stage-I 2024"]
[Site "Qadsiya"]
[Date "2024.01.22"]
[Round "1.4"]
[White "Alhejab, Meshal"]
[Black "Almanaseer, Talal"]
[Result "1-0"]
[ECO "C10"]
[WhiteElo "1787"]
[BlackElo "1249"]
[Annotator "NA RC COMBH"]
[PlyCount "55"]
[EventDate "2024.01.22"]
[EventType "swiss"]
[EventCountry "KUW"]
[SourceTitle "playchess.com"]
[Source "ChessBase"]
[SourceQuality "1"]
[TimeControl "5400+30"]

1. e4 e6 2. d4 d5 3. Nc3 dxe4 4. Nxe4 Nd7 5. Nf3 Ngf6 6. Nxf6+ Nxf6 7. c3 c5 8. Ne5 a6 9. Bg5 Be7 10. Qa4+ Nd7 11. Bxe7 Qxe7 12. Bb5 f6 13. Bxd7+ Bxd7 14. Qxd7+ Qxd7 15. Nxd7 Kxd7 16. dxc5 Kc6 17. O-O-O Rad8 18. b4 Rd7 19. Rxd7 Kxd7 20. Rd1+ Kc7 21. Rd6 e5 22. Kd2 Rd8 23. Rxd8 Kxd8 24. Kd3 Kd7 25. Kc4 Kc6 26. a4 b5+ 27. cxb6 Kxb6 28. Kd5 1-0

[Event "Kuwait Championship Stage-I 2024"]
[Site "Qadsiya"]
[Date "2024.01.22"]
[Round "1.5"]
[White "Alqattan, Osamah"]
[Black "Alsaqer, Meshal"]
[Result "0-1"]
[ECO "E11"]
[WhiteElo "1239"]
[BlackElo "1753"]
[Annotator "NA RC COMBH"]
[PlyCount "58"]
[EventDate "2024.01.22"]
[EventType "swiss"]
[EventCountry "KUW"]
[SourceTitle "playchess.com"]
[Source "ChessBase"]
[SourceQuality "1"]
[TimeControl "5400+30"]

1. d4 d5 2. c4 e6 3. g3 Nf6 4. Bg2 Bb4+ 5. Bd2 Be7 6. Nf3 O-O 7. O-O c6 8. Nc3 Nbd7 9. Qc2 b6 10. b3 Ba6 11. cxd5 cxd5 12. Rfe1 Rc8 13. Rac1 Ba3 14. Rcd1 Ne4 15. Ne5 Nxc3 16. Bxc3 Nxe5 17. dxe5 Bb4 18. Be4 Bxc3 19. Bxh7+ Kh8 20. Qb1 Qg5 21. f4 Qh6 22. Bc2 Bxe1 23. Rxe1 Rc3 24. f5 Qe3+ 25. Kg2 Bxe2 26. f6 Qd2 27. fxg7+ Kxg7 28. Rxe2 Qxe2+ 29. Kg1 Rxc2 0-1

[Event "Kuwait Championship Stage-I 2024"]
[Site "Qadsiya"]
[Date "2024.01.22"]
[Round "1.7"]
[White "Alasfour, Zaid"]
[Black "Hussain, Hashem"]
[Result "0-1"]
[ECO "B22"]
[WhiteElo "1188"]
[BlackElo "1642"]
[Annotator "NA RC COMBH"]
[PlyCount "126"]
[EventDate "2024.01.22"]
[EventType "swiss"]
[EventCountry "KUW"]
[SourceTitle "playchess.com"]
[Source "ChessBase"]
[SourceQuality "1"]
[TimeControl "5400+30"]

1. e4 c5 2. c3 g6 3. d4 cxd4 4. cxd4 d5 5. exd5 Nf6 6. Nf3 Nxd5 7. Bc4 Nb6 8. Qb3 Nxc4 9. Qxc4 Bg7 10. O-O O-O 11. Bg5 h6 12. Bh4 Be6 13. Qb4 g5 14. Bg3 Nc6 15. Qxb7 Bd5 16. Nc3 Bxf3 17. gxf3 Nxd4 18. Rad1 Qa5 19. Rfe1 Qf5 20. Kg2 e6 21. Qe4 Rfd8 22. Bc7 Qxe4 23. Rxe4 Rdc8 24. Be5 Nf5 25. Bxg7 Kxg7 26. Rb4 Rab8 27. Rxb8 Rxb8 28. b3 Rc8 29. Ne4 Rc2 30. Rd2 Rc1 31. Rd7 a5 32. Ra7 Nh4+ 33. Kh3 Nxf3 34. Rxa5 f5 35. Nc5 Nh4 36. Nxe6+ Kf6 37. Nd4 Rc3+ 38. f3 Rd3 39. Ra4 Ke5 40. Nc6+ Kf6 41. Rxh4 gxh4 42. Kxh4 Rxf3 43. b4 Rf2 44. a4 Rxh2+ 45. Kg3 Rb2 46. b5 Kg5 47. Kf3 Rb3+ 48. Ke2 h5 49. Kd2 h4 50. Kc2 Re3 51. b6 h3 52. b7 Re8 53. Nd4 Kf4 54. Ne6+ Kg3 55. Ng7 Rb8 56. Nxf5+ Kf4 57. Nd4 h2 58. Ne2+ Kf3 59. Nd4+ Kg2 60. a5 h1=Q 61. a6 Qh7+ 62. Kb3 Qd3+ 63. Ka2 Qxd4 0-1

[Event "Kuwait Championship Stage-I 2024"]
[Site "Qadsiya"]
[Date "2024.01.22"]
[Round "1.8"]
[White "Qabazard, Mohamed"]
[Black "ALjadi, Athbi"]
[Result "1-0"]
[ECO "C00"]
[WhiteElo "1533"]
[BlackElo "1188"]
[Annotator "NA RC COMBH"]
[PlyCount "135"]
[EventDate "2024.01.22"]
[EventType "swiss"]
[EventCountry "KUW"]
[SourceTitle "playchess.com"]
[Source "ChessBase"]
[SourceQuality "1"]
[TimeControl "5400+30"]

1. e4 e6 2. f4 d5 3. e5 c5 4. Nf3 Nc6 5. Bb5 a6 6. Bxc6+ bxc6 7. c4 Ne7 8. Nc3 Qc7 9. d3 Nf5 10. Ne2 Be7 11. O-O O-O 12. Qe1 Qd8 13. b3 Bd7 14. Qf2 Nd4 15. Nexd4 cxd4 16. Qxd4 c5 17. Qf2 d4 18. Ba3 Qa5 19. Qb2 Rfe8 20. Qc1 Bc6 21. Bb2 Rad8 22. Qe1 Qb6 23. Bc1 Rb8 24. Bd2 Qb7 25. Ba5 h6 26. Rf2 Bd8 27. Bxd8 Rexd8 28. Qe2 Re8 29. Nd2 Kh7 30. Re1 Rg8 31. g4 g5 32. f5 Rbe8 33. Qf1 exf5 34. Rxf5 Rg7 35. Rf6 Bd7 36. Qh3 Re6 37. Ref1 Kg8 38. Rxe6 Bxe6 39. Ne4 Rg6 40. Rf6 Rxf6 41. Nxf6+ Kg7 42. Ne4 Qc8 43. Nf6 a5 44. Qf3 Qb8 45. Nh5+ Kf8 46. Qf6 Qe8 47. Qxh6+ Ke7 48. Qxg5+ Kf8 49. Nf6 Qd8 50. Qg8+ Ke7 51. Qxd8+ Kxd8 52. h4 Ke7 53. h5 Kf8 54. g5 Bf5 55. h6 Bxd3 56. Nd7+ Kg8 57. Nxc5 Bb1 58. a3 Bc2 59. Kf2 Kh7 60. Ke1 Kg6 61. Kd2 Bf5 62. Nb7 Kxg5 63. Nxa5 Kf4 64. Nc6 Kg5 65. b4 Kxh6 66. b5 Bc8 67. Kd3 Kg5 68. Kxd4 1-0

[Event "Kuwait Championship Stage-I 2024"]
[Site "Qadsiya"]
[Date "2024.01.22"]
[Round "1.9"]
[White "Almutairat, Fehan A"]
[Black "Alrashidi, Yousef"]
[Result "0-1"]
[ECO "C50"]
[WhiteElo "1170"]
[BlackElo "1512"]
[Annotator "NA RC COMBH"]
[PlyCount "62"]
[EventDate "2024.01.22"]
[EventType "swiss"]
[EventCountry "KUW"]
[SourceTitle "playchess.com"]
[Source "ChessBase"]
[SourceQuality "1"]
[TimeControl "5400+30"]

1. e4 e5 2. Nf3 Nc6 3. d4 exd4 4. Bc4 d6 5. Nxd4 Ne5 6. Bb3 Nf6 7. Nc3 c5 8. Nf5 a6 9. a3 Bxf5 10. exf5 c4 11. Ba2 b5 12. O-O Be7 13. Nd5 O-O 14. Nxe7+ Qxe7 15. h3 Qd7 16. Be3 d5 17. f4 Nc6 18. g4 d4 19. Bf2 Ne4 20. Bh4 Rfe8 21. a4 Nb4 22. c3 Nxa2 23. Rxa2 d3 24. axb5 axb5 25. Rxa8 Rxa8 26. Re1 Qd5 27. Qf3 Nxc3 28. Qe3 Ne2+ 29. Kh2 Qd4 30. Rxe2 Qxe3 31. Rxe3 d2 0-1

[Event "Kuwait Championship Stage-I 2024"]
[Site "Qadsiya"]
[Date "2024.01.22"]
[Round "1.11"]
[White "Alhashimi, Hashem"]
[Black "Aldaihani, Turki"]
[Result "0-1"]
[ECO "B10"]
[WhiteElo "1154"]
[BlackElo "1475"]
[Annotator "NA RC COMBH"]
[PlyCount "67"]
[EventDate "2024.01.22"]
[EventType "swiss"]
[EventCountry "KUW"]
[SourceTitle "playchess.com"]
[Source "ChessBase"]
[SourceQuality "1"]
[TimeControl "5400+30"]

1. e4 c6 2. Nf3 d5 3. exd5 cxd5 4. Bb5+ Nc6 5. O-O Nf6 6. d4 Bg4 7. h3 Bxf3 8. Qxf3 e6 9. Bf4 Qb6 10. Bxc6+ bxc6 11. Qc3 Rc8 12. Be5 Ne4 13. Qb3 f6 14. Qxb6 axb6 15. Bf4 c5 16. dxc5 Bxc5 17. Nc3 Nxc3 18. bxc3 Kf7 19. Rfe1 g5 20. Be3 Rc6 21. a4 Bxe3 22. Rxe3 Ra8 23. g3 Ke7 24. Kg2 Kd6 25. Rae1 e5 26. Ra1 Rc4 27. Kf3 Raxa4 28. Rxa4 Rxa4 29. Ke2 Re4 30. Rxe4 dxe4 31. Ke3 Kd5 32. Kd2 Kc4 33. h4 gxh4 34. gxh4 0-1

[Event "Kuwait Championship Stage-I 2024"]
[Site "Qadsiya"]
[Date "2024.01.22"]
[Round "1.12"]
[White "Al Subaie, Nasser"]
[Black "Alsultan, Muhannad"]
[Result "1-0"]
[ECO "B15"]
[WhiteElo "1457"]
[BlackElo "1127"]
[Annotator "NA RC COMBH"]
[PlyCount "97"]
[EventDate "2024.01.22"]
[EventType "swiss"]
[EventCountry "KUW"]
[SourceTitle "playchess.com"]
[Source "ChessBase"]
[SourceQuality "1"]
[TimeControl "5400+30"]

1. e4 c6 2. d4 d5 3. Nc3 g6 4. exd5 cxd5 5. h4 h5 6. Bf4 Nc6 7. Nb5 e5 8. dxe5 a6 9. Nd6+ Bxd6 10. exd6 Qa5+ 11. Qd2 Be6 12. Qxa5 Nxa5 13. Bd3 Nf6 14. Be5 Ne4 15. Bxh8 Nxd6 16. Be5 Ndc4 17. Bf6 Nxb2 18. Bxb2 Rd8 19. O-O-O d4 20. Bxd4 Rxd4 21. Bb5+ axb5 22. Rxd4 Bxa2 23. Rh3 Bc4 24. Re3+ Kf8 25. Ra3 Nc6 26. Rd7 Ne5 27. Rxb7 Ng4 28. f3 Nh2 29. Ra5 Nf1 30. Ra8+ Kg7 31. Re8 Kf6 32. g4 Ng3 33. Rc8 Ke5 34. Rxb5+ Bxb5 35. Rc5+ Kf4 36. gxh5 Nxh5 37. Rxb5 Kg3 38. c4 Kxh4 39. c5 Nf6 40. c6 Ne8 41. Rb7 f5 42. c7 Nxc7 43. Rxc7 g5 44. Ne2 g4 45. Rh7+ Kg5 46. f4+ Kg6 47. Re7 Kh5 48. Re5 Kg6 49. Ng3 1-0

[Event "Kuwait Championship Stage-I 2024"]
[Site "Qadsiya"]
[Date "2024.01.23"]
[Round "2.1"]
[White "Al-Hajiri, Bader"]
[Black "Khalaf, Ali"]
[Result "1-0"]
[ECO "A70"]
[WhiteElo "1890"]
[BlackElo "1426"]
[Annotator "NA RC COMBH"]
[PlyCount "119"]
[EventDate "2024.01.22"]
[EventType "swiss"]
[EventCountry "KUW"]
[SourceTitle "playchess.com"]
[Source "ChessBase"]
[SourceQuality "1"]
[TimeControl "5400+30"]

1. d4 Nf6 2. c4 c5 3. d5 e6 4. Nc3 exd5 5. cxd5 d6 6. e4 g6 7. Nf3 a6 8. a4 Bg4 9. Be2 Bxf3 10. gxf3 Bg7 11. Be3 O-O 12. h4 h5 13. Qc2 Nbd7 14. f4 Re8 15. Kd2 Qa5 16. f3 c4 17. Bxc4 Rac8 18. Bd3 Nb6 19. Ra3 Nbxd5 20. exd5 Nxd5 21. Bf2 Qb4 22. Be4 Nxf4 23. Qb3 Rxe4 24. fxe4 Bxc3+ 25. bxc3 Qxe4 26. Re1 Qd3+ 27. Kc1 Ne2+ 28. Rxe2 Qxe2 29. Bd4 Qe1+ 30. Qd1 Qxh4 31. Rb3 Qg5+ 32. Kb1 b5 33. axb5 axb5 34. Qe2 Qf5+ 35. Kb2 Rb8 36. Ba7 Ra8 37. Rxb5 Qe6 38. Qxe6 fxe6 39. Rb7 Rd8 (39... h4 $11) 40. c4 $11 (40. Be3 $14) 40... h4 41. Kc3 h3 42. Bg1 Rc8 43. Kb4 g5 44. Rd7 Rb8+ 45. Kc3 g4 46. Rxd6 Kf7 47. Bh2 Rg8 48. Rd3 Kf6 49. c5 Kf5 50. c6 Rc8 51. Rd6 e5 52. Kc4 Ke4 53. Kc5 Kf3 54. Bxe5 g3 55. Rd3+ Ke4 56. Rxg3 Kxe5 57. Rxh3 Ke6 58. Rh7 Ke5 59. c7 Ke6 60. Kc6 1-0

[Event "Kuwait Championship Stage-I 2024"]
[Site "Qadsiya"]
[Date "2024.01.23"]
[Round "2.2"]
[White "Alruwayeh, Talal"]
[Black "Hashem, Khaled"]
[Result "0-1"]
[ECO "C44"]
[WhiteElo "1407"]
[BlackElo "1868"]
[Annotator "NA RC COMBH"]
[PlyCount "54"]
[EventDate "2024.01.22"]
[EventType "swiss"]
[EventCountry "KUW"]
[SourceTitle "playchess.com"]
[Source "ChessBase"]
[SourceQuality "1"]
[TimeControl "5400+30"]

1. e4 e5 2. c4 Nc6 3. Nf3 Bc5 4. a3 a5 5. Nc3 d6 6. d3 Bg4 7. Be2 Nge7 8. Be3 Bxf3 9. gxf3 Nd4 10. f4 exf4 11. Bxf4 Ng6 12. Be3 O-O 13. Nd5 f5 14. exf5 Rxf5 15. Bxd4 Bxd4 16. Ne3 Rxf2 17. Ng4 Rf8 18. Qc2 Qh4+ 19. Kd2 h5 20. Nh6+ gxh6 21. Rag1 Bxg1 22. Rxg1 Rf6 23. Kc1 Qxh2 24. Qd1 Raf8 25. Kb1 h4 26. Bh5 Qxg1 27. Qxg1 Rf1+ 0-1

[Event "Kuwait Championship Stage-I 2024"]
[Site "Qadsiya"]
[Date "2024.01.23"]
[Round "2.3"]
[White "Al Ibrahim, Abdulrahman"]
[Black "Aljadi, Hussain"]
[Result "1-0"]
[ECO "C70"]
[WhiteElo "1854"]
[BlackElo "1419"]
[Annotator "NA RC COMBH"]
[PlyCount "62"]
[EventDate "2024.01.22"]
[EventType "swiss"]
[EventCountry "KUW"]
[SourceTitle "playchess.com"]
[Source "ChessBase"]
[SourceQuality "1"]
[TimeControl "5400+30"]

1. e4 e5 2. Nf3 Nc6 3. Bb5 a6 4. Ba4 Bc5 5. c3 f5 6. O-O {[%emt 0:13:08] C70: Ruy Lopez: 3...a6 4 Ba4, Norwegian and Delayed Schliemann.} fxe4 7. Nxe5 Nf6 8. d4 exd3 9. Nxd3 Be7 10. Bb3 Na5 11. Bc2 O-O 12. Nd2 d5 13. h3 Bf5 14. Nf3 Bd6 15. Nd4 Bd7 16. Nf4 Re8 17. Nf5 Bxf4 18. Bxf4 Nc4 19. Rb1 Ne5 20. Re1 Ng6 21. Rxe8+ Bxe8 22. Bg5 Bf7 23. Qd4 Be6 24. Re1 Nf8 25. Nh6+ gxh6 (25... Kh8 $142 26. Bf5 c5) 26. Bxf6 Qd7 27. Qh4 $18 Bf5 28. Re7 Ng6 29. Qxh6 Qxe7 30. Bxe7 Nxe7 31. Qg5+ Bg6 1-0

[Event "Kuwait Championship Stage-I 2024"]
[Site "Qadsiya"]
[Date "2024.01.23"]
[Round "2.4"]
[White "Almuhaini, Abdulaziz"]
[Black "Alhejab, Meshal"]
[Result "0-1"]
[ECO "B92"]
[WhiteElo "1374"]
[BlackElo "1787"]
[Annotator "NA RC COMBH"]
[PlyCount "58"]
[EventDate "2024.01.22"]
[EventType "swiss"]
[EventCountry "KUW"]
[SourceTitle "playchess.com"]
[Source "ChessBase"]
[SourceQuality "1"]
[TimeControl "5400+30"]

1. e4 c5 2. Nf3 d6 3. d4 cxd4 4. Nxd4 Nf6 5. Nc3 a6 6. Be2 e5 7. Nb3 Be7 8. O-O O-O 9. Be3 Be6 10. Kh1 Nc6 11. f4 exf4 12. Bxf4 Rc8 13. Nd4 Nxd4 14. Qxd4 Re8 15. Bd3 d5 16. Rae1 Bc5 17. Qe5 Ng4 18. Qh5 g6 19. Qxg4 Bxg4 20. Nxd5 Bd4 21. c3 Bg7 22. Bc2 Be6 23. Bb3 h5 24. Re2 Bxd5 25. Bxd5 Qxd5 26. exd5 Rxe2 27. d6 Rd8 28. Rd1 g5 29. Bxg5 Rxd6 0-1

[Event "Kuwait Championship Stage-I 2024"]
[Site "Qadsiya"]
[Date "2024.01.23"]
[Round "2.5"]
[White "Alsaqer, Meshal"]
[Black "Albaloul, Mohammad"]
[Result "1-0"]
[ECO "D02"]
[WhiteElo "1753"]
[BlackElo "1378"]
[Annotator "NA RC COMBH"]
[PlyCount "89"]
[EventDate "2024.01.22"]
[EventType "swiss"]
[EventCountry "KUW"]
[SourceTitle "playchess.com"]
[Source "ChessBase"]
[SourceQuality "1"]
[TimeControl "5400+30"]

1. d4 d5 2. Nf3 Nf6 3. c3 Bf5 4. Qb3 b6 5. Bg5 e6 6. e3 Be7 7. Qa4+ Qd7 8. Bb5 c6 9. Be2 b5 10. Qb3 O-O 11. O-O h6 12. Bf4 Bd6 13. a4 Bxf4 14. exf4 bxa4 15. Rxa4 Qd6 16. g3 Nbd7 17. Nbd2 c5 18. Qa3 Qc7 19. Ra1 c4 20. Ne5 Rfb8 21. Bf3 Bc2 22. Ra5 Nxe5 23. fxe5 Ne4 24. Bxe4 dxe4 25. Rc5 Qb7 26. Nxc4 Bd3 27. b4 Bxc4 28. Rxc4 Qb5 29. Rc7 a5 30. bxa5 Qd3 31. Qc1 Rb3 32. Qf4 Qf3 33. Qxf3 exf3 34. h3 Rb2 35. a6 Rbb8 36. g4 f6 37. exf6 gxf6 38. a7 Rb6 39. Kh2 e5 40. Kg3 exd4 41. cxd4 Kh8 42. d5 Rd6 43. Rb7 Rdd8 44. Kxf3 Rxd5 45. Rb8+ 1-0

[Event "Kuwait Championship Stage-I 2024"]
[Site "Qadsiya"]
[Date "2024.01.23"]
[Round "2.6"]
[White "AlShourfaa, Hazaa"]
[Black "Alsuwailem, Othman"]
[Result "1-0"]
[ECO "B24"]
[WhiteElo "1701"]
[BlackElo "1366"]
[Annotator "NA RC COMBH"]
[PlyCount "106"]
[EventDate "2024.01.22"]
[EventType "swiss"]
[EventCountry "KUW"]
[SourceTitle "playchess.com"]
[Source "ChessBase"]
[SourceQuality "1"]
[TimeControl "5400+30"]

1. e4 c5 2. Nc3 e6 3. g3 Nc6 4. Bg2 Nf6 5. Nge2 Be7 6. O-O O-O 7. d3 d6 8. h3 a6 9. f4 Qc7 10. g4 g6 11. Ng3 Nd7 12. f5 exf5 13. Nd5 Qd8 14. Nxe7+ Qxe7 15. Bh6 Re8 16. gxf5 Qh4 17. fxg6 hxg6 18. Bf4 Nde5 19. Nh1 Bxh3 20. Bg3 Qh6 21. Bf4 Qh7 22. c3 Ng4 23. Rf3 Bxg2 24. Kxg2 Rad8 25. Rh3 Qg7 26. Qxg4 Ne5 27. Qh4 f6 28. Bxe5 Rxe5 29. Qh6 d5 30. Qxg7+ Kxg7 31. Nf2 dxe4 32. Nxe4 f5 33. Ng3 Kf6 34. Kf2 g5 35. Re1 Rxe1 36. Kxe1 g4 37. Rh6+ Ke5 38. Ke2 Kf4 39. Nf1 Re8+ 40. Kf2 Rd8 41. Rb6 Rd7 42. a4 Kg5 43. d4 cxd4 44. cxd4 Rxd4 45. Rxb7 Rxa4 46. Rb6 a5 47. Rb5 Rb4 48. Rxb4 axb4 49. Ne3 f4 50. Nc2 Kh4 51. Nxb4 Kh3 52. Kg1 f3 53. Nd3 g3 1-0

[Event "Kuwait Championship Stage-I 2024"]
[Site "Qadsiya"]
[Date "2024.01.23"]
[Round "2.7"]
[White "Hussain, Hashem"]
[Black "Alrefae, Ahmad"]
[Result "1-0"]
[ECO "B28"]
[WhiteElo "1642"]
[BlackElo "1338"]
[Annotator "NA RC COMBH"]
[PlyCount "131"]
[EventDate "2024.01.22"]
[EventType "swiss"]
[EventCountry "KUW"]
[SourceTitle "playchess.com"]
[Source "ChessBase"]
[SourceQuality "1"]
[TimeControl "5400+30"]

1. e4 c5 2. c3 d5 3. exd5 Nf6 4. Nf3 Nxd5 5. d4 e6 6. Be2 Nc6 7. O-O Be7 8. c4 Nf6 9. dxc5 Qxd1 10. Rxd1 Bxc5 11. Nc3 a6 12. a3 O-O 13. b4 Ba7 14. h3 e5 15. Bg5 Nd7 16. Nd5 f6 17. Bc1 Nd4 18. Nxd4 Bxd4 19. Ra2 Rf7 20. c5 Nf8 21. Nb6 Be6 22. Rad2 Rd8 23. Nc4 Rfd7 24. Nb6 Rf7 25. Kf1 Bb3 26. Re1 Ne6 27. Rd3 Bc2 28. Rd2 Bb3 29. Bb2 Bxb2 30. Rxb2 Nd4 31. Rd2 Re8 32. Bh5 g6 33. Rxd4 gxh5 34. Rh4 Rd8 35. Rxh5 Rd4 36. Rf5 e4 37. Ke2 Kg7 38. Rc1 Kg6 39. Rf4 f5 40. Rc3 Be6 41. Ke3 Rd8 42. f3 exf3 43. Rxf3 Rc7 44. Rd3 Rxd3+ 45. Kxd3 Re7 46. Kd4 Bf7 47. Re3 Rc7 48. Nc4 Bxc4 49. Kxc4 Kf6 50. a4 Rg7 51. g3 h5 52. b5 axb5+ 53. axb5 h4 54. gxh4 f4 55. Rf3 Ke5 56. c6 Ke4 57. Rf1 b6 58. Re1+ Kf3 59. Kd5 Kf2 60. Ra1 f3 61. Kd6 Rg6+ 62. Kd7 Rg7+ 63. Kc8 Ke2 64. c7 f2 65. Kb8 Rg1 66. Ra2+ 1-0

[Event "Kuwait Championship Stage-I 2024"]
[Site "Qadsiya"]
[Date "2024.01.23"]
[Round "2.8"]
[White "Alabdaljader, Mohammed"]
[Black "Qabazard, Mohamed"]
[Result "1-0"]
[ECO "B43"]
[WhiteElo "1353"]
[BlackElo "1533"]
[Annotator "NA RC COMBH"]
[PlyCount "81"]
[EventDate "2024.01.22"]
[EventType "swiss"]
[EventCountry "KUW"]
[SourceTitle "playchess.com"]
[Source "ChessBase"]
[SourceQuality "1"]
[TimeControl "5400+30"]

1. e4 c5 2. Nf3 e6 3. d4 cxd4 4. Nxd4 a6 5. Nc3 Qc7 6. Bd3 Nf6 7. Bg5 Bb4 8. Nde2 b5 9. a3 Ba5 10. Bh4 Bb7 11. O-O Bb6 12. Kh1 d6 13. Qd2 Nbd7 14. Qg5 Rg8 15. Qd2 h6 16. f3 g5 17. Bf2 Bxf2 18. Rxf2 h5 19. Nd4 h4 20. Re2 Nh5 21. Rd1 Nf4 22. Ree1 Ne5 23. Bxb5+ axb5 24. Ndxb5 Qd7 25. Nxd6+ Ke7 26. Nxb7 Qxb7 27. Qd6+ Kf6 28. Nd5+ Nxd5 29. exd5 Qb8 30. Qc5 Qxb2 31. dxe6 fxe6 32. c3 Qb8 33. Rd6 Ra5 34. Qd4 Qb5 35. f4 gxf4 36. Qxf4+ Ke7 37. Rd4 Rg4 38. Qh6 Rxd4 39. cxd4 Rxa3 40. dxe5 Qxe5 41. Qxh4+ 1-0

[Event "Kuwait Championship Stage-I 2024"]
[Site "Qadsiya"]
[Date "2024.01.23"]
[Round "2.9"]
[White "Alrashidi, Yousef"]
[Black "Almohammad, Hamad"]
[Result "0-1"]
[ECO "B13"]
[WhiteElo "1512"]
[BlackElo "1296"]
[Annotator "NA RC COMBH"]
[PlyCount "98"]
[EventDate "2024.01.22"]
[EventType "swiss"]
[EventCountry "KUW"]
[SourceTitle "playchess.com"]
[Source "ChessBase"]
[SourceQuality "1"]
[TimeControl "5400+30"]

1. e4 c6 2. d4 d5 3. exd5 cxd5 4. Nf3 Nf6 5. Be2 Nc6 6. h3 g6 7. c3 Bg7 8. O-O O-O 9. Re1 Bf5 10. Nbd2 Qd7 11. Nf1 Rfe8 12. Bb5 a6 13. Ne5 Qc7 14. Bxc6 bxc6 15. Qa4 c5 16. dxc5 Ne4 17. Nd3 Nxc5 18. Nxc5 Qxc5 19. Be3 Qb5 20. Qxb5 axb5 21. Bc5 e5 22. Ne3 Be6 23. Nc2 Rec8 24. b4 Bf5 25. Ne3 Be6 26. Nc2 e4 27. Nd4 Bxd4 28. Bxd4 Ra3 29. Rec1 Rca8 30. Rc2 f5 31. Kh2 f4 32. g3 f3 33. g4 Kf7 34. Kg3 h5 35. gxh5 gxh5 36. Kh4 Rg8 37. Rh1 Bf5 38. Rd2 Ke8 39. Kxh5 Rg2 40. Be5 Ra7 41. Bg3 Rh7+ 42. Kg5 Be6 43. Kf4 Ke7 44. h4 Rf7+ 45. Ke3 Rg7 46. Re1 Kf6 47. Kd4 R7xg3 48. fxg3 Rxd2+ 49. Kc5 f2 0-1

[Event "Kuwait Championship Stage-I 2024"]
[Site "Qadsiya"]
[Date "2024.01.23"]
[Round "2.10"]
[White "Eidi, Eisa"]
[Black "Alruwaiyeh, Musa"]
[Result "1-0"]
[ECO "E62"]
[WhiteElo "1306"]
[BlackElo "1505"]
[Annotator "NA RC COMBH"]
[PlyCount "157"]
[EventDate "2024.01.22"]
[EventType "swiss"]
[EventCountry "KUW"]
[SourceTitle "playchess.com"]
[Source "ChessBase"]
[SourceQuality "1"]
[TimeControl "5400+30"]

1. d4 d6 2. Nf3 Nf6 3. c4 g6 4. g3 Bg7 5. Bg2 O-O 6. O-O Nc6 7. Nc3 Bg4 8. h3 Bxf3 9. Bxf3 Nd7 10. e3 e5 11. d5 Ne7 12. e4 f5 13. Bg5 h6 14. Bxe7 Qxe7 15. Bg2 f4 16. g4 Nf6 17. f3 g5 18. b4 h5 19. c5 dxc5 20. Qb3 Kh8 21. b5 h4 22. Qc4 b6 23. Rfd1 Ne8 24. a4 Nd6 25. Qe2 Qd7 26. Bf1 c4 27. Qb2 a6 28. Qb4 Rfb8 29. Bxc4 a5 30. Qb3 Nb7 31. Kg2 Qd6 32. Rdc1 Kh7 33. Qc2 Nc5 34. Nd1 Kh6 35. Nf2 Bf8 36. Nd3 Qf6 37. Qc3 Bd6 38. Nxc5 Bxc5 39. Bb3 Rd8 40. Qc4 Rd7 41. Rab1 Rad8 42. Rd1 Qd6 43. Rbc1 Be3 44. Ra1 Bd4 45. Ra2 Qf8 46. Rc1 Be3 47. Rcc2 Qd6 48. Ra1 Bd4 49. Raa2 Qb4 50. Qxb4 axb4 51. Rc6+ Kg7 52. Rac2 Bc3 53. Ra2 Ra8 54. Rc2 Kf8 55. Kf1 Rc8 56. Ra2 Rd6 57. Rc4 Ke8 58. a5 bxa5 59. Rxa5 Kd8 60. Rc6 Rxc6 61. bxc6 Ke7 62. Ke2 Kd6 63. Kd3 Rb8 64. Kc4 Bd4 65. Ba2 Bb6 66. Ra6 Bc5 67. Bb3 Be3 68. Ba2 Bd2 69. Bb3 Rb5 70. Kxb5 Be3 71. Ra8 Bb6 72. Rg8 Ke7 73. Rxg5 Bf2 74. Rf5 Kd6 75. g5 Bc5 76. g6 Ke7 77. g7 Bb6 78. g8=Q Bc5 79. Qf8# 1-0